Map: Orbital Shipyard

Players

PreZ

  • Race: Zerg Zerg
  • League: Silver

WildCatBrown - Winner!

  • Race: Protoss Protoss
  • League: Silver

VOD

Have the link to the VOD?

Description

Time

  • Played on: Jan. 11, 2016, 11:54 a.m.
  • Length: 14:52
Show
View Real Time Build Order
Export as new Build Order

PreZ Zerg 

Build Orders: Hatch First 

Get SALT Encoding   

  12  0:07  Drone x2  
  14  0:17  Overlord  
  14  0:36  Drone x2  
  16  0:46  Drone  
  17  0:57  Hatchery  
  16  1:09  Spawning Pool  
  15  1:11  Extractor  
  14  1:21  Drone x3  
  17  1:57  Zergling x6  
  20  2:02  Queen  
  22  2:47  Drone x4  
  22  2:48  Drone x2  
  28  3:01  Extractor  
  27  3:07  Roach Warren, Drone x2  
  28  3:13  Overlord x2  
  25  3:46  Spine Crawler  
  24  3:50  Lair  
  24  3:56  Spine Crawler, Queen  
  27  4:03  Roach x6  
  37  4:10  Drone x2  
  37  4:11  Drone  
  40  4:17  Drone  
  40  4:18  Drone  
  42  4:38  Roach  
  44  4:39  Overlord x2  
  44  4:48  Glial Reconstitution  
  44  4:54  Overlord x3  
  44  5:11  Roach  
  44  5:12  Roach x6  
  58  5:18  Drone x2  
  60  5:29  Roach  
  60  5:30  Roach  
  64  5:39  Drone x4  
  68  5:48  Ravager  
  68  5:49  Ravager x4  
  73  5:58  Drone x3  
  73  5:59  Drone x2  
  78  6:13  Roach x2  
  78  6:14  Roach  
  82  6:27  Roach  
  82  6:28  Roach  
  82  6:31  Overlord x2  
  80  6:41  Roach x2  
  60  7:01  Roach x2  
  51  7:18  Queen  
  51  7:31  Spine Crawler  
  50  7:50  Extractor x2  
  48  8:10  Roach x3  
  48  8:11  Drone, Roach x2  
  48  8:12  Drone x3  
  62  8:24  Spore Crawler  
  61  8:43  Drone x7  
  61  8:47  Hatchery  
  67  8:49  Spire  
  67  8:54  Overseer x2  
  64  9:17  Extractor  
  64  9:21  Extractor  
  62  9:31  Drone x5  
  64  9:32  Drone  
  68  10:04  Evolution Chamber  
  67  10:07  Mutalisk  
  67  10:08  Mutalisk x5  
  67  10:09  Evolution Chamber  
  78  10:19  Spore Crawler  
  77  10:31  Mutalisk  
  77  10:32  Mutalisk x2  
  77  10:33  Overlord  
  77  10:34  Overlord x2  
  83  10:40  Drone x3  
  86  11:02  Spore Crawler, Spine Crawler  
  84  11:12  Zerg Missile Weapons Level 1  
  84  11:13  Zerg Ground Armor Level 1  
  84  11:20  Roach x3  
  84  11:21  Roach x3  
  98  11:54  Roach x5  
  98  11:55  Roach x6  
  98  11:56  Roach x2  
  122  12:05  Overlord x2  
  122  12:23  Queen  
  124  12:39  Mutalisk x4  
  130  12:53  Roach  
  130  12:54  Roach x3  
  138  13:26  Overlord x4  
  134  13:36  Roach x2  
  120  13:57  Roach x3  
  120  13:58  Roach x4  
  118  14:07  Roach x3  
  118  14:08  Roach  
  98  14:10  Roach x2  
  98  14:11  Roach x3  
  78  14:20  Roach x2  
Show
View Real Time Build Order
Export as new Build Order

WildCatBrown Protoss - Winner!

Build Orders: 1 Gate Expand 

Get SALT Encoding   

  12  0:01  Probe (Chrono Boost)  
  13  0:11  Probe (Chrono Boost)  
  14  0:22  Probe (Chrono Boost)  
  14  0:25  Pylon  
  15  0:44  Probe (Chrono Boost)  
  15  0:45  Gateway  
  16  0:52  Assimilator  
  16  0:54  Probe (Chrono Boost)  
  17  1:05  Probe (Chrono Boost)  
  18  1:15  Probe (Chrono Boost)  
  19  1:26  Probe (Chrono Boost)  
  19  1:29  Nexus  
  20  1:36  Probe (Chrono Boost)  
  21  1:42  Cybernetics Core  
  21  1:47  Probe (Chrono Boost)  
  21  1:54  Assimilator  
  22  2:06  Gateway  
  22  2:10  Pylon  
  22  2:11  Probe (Chrono Boost)  
  23  2:28  Probe (Chrono Boost)  
  24  2:32  Adept  
  24  2:34  Warp Gate  
  26  2:46  Mothership Core (Chrono Boost)  
  26  2:47  Probe (Chrono Boost)  
  28  2:54  Adept  
  28  2:57  Probe (Chrono Boost)  
  31  3:00  Adept  
  31  3:04  Probe (Chrono Boost)  
  31  3:05  Pylon  
  34  3:09  Probe (Chrono Boost)  
  34  3:11  Assimilator  
  35  3:16  Assimilator  
  33  3:41  Adept x2  
  37  3:49  Probe x2 (Chrono Boost)  
  37  3:50  Robotics Facility  
  39  3:59  Pylon  
  39  4:00  Probe x2 (Chrono Boost)  
  41  4:08  Adept x2  
  41  4:09  Gateway  
  45  4:18  Probe x2 (Chrono Boost)  
  45  4:21  Pylon  
  47  4:29  Probe (Chrono Boost)  
  48  4:35  Gateway  
  48  4:38  Warp Prism (Chrono Boost)  
  48  4:39  Gateway  
  50  4:48  Stalker x2  
  56  5:00  Forge  
  54  5:21  Immortal (Chrono Boost)  
  58  5:22  Adept x2  
  58  5:23  Adept  
  64  5:36  Pylon  
  64  5:37  Protoss Ground Weapons Level 1 (Chrono Boost)  
  64  5:41  Probe  
  64  5:42  Probe  
  66  5:44  Twilight Council  
  66  5:51  Probe  
  66  5:54  Probe  
  68  5:58  Observer (Chrono Boost)  
  68  6:02  Probe  
  70  6:06  Probe  
  71  6:12  Probe  
  72  6:18  Probe  
  72  6:22  Adept x3  
  72  6:23  Adept  
  75  6:35  Adept  
  69  6:47  Adept  
  69  6:48  Adept x3  
  60  6:57  Immortal  
  60  7:00  Adept  
  54  7:15  Adept  
  54  7:16  Adept x3  
  62  7:33  Gateway  
  62  7:36  Gateway  
  62  7:40  Gateway, Pylon  
  62  7:43  Gateway  
  62  7:44  Pylon  
  62  7:46  Probe  
  63  7:52  Resonating Glaives  
  63  7:53  Protoss Ground Weapons Level 2 (Chrono Boost)  
  63  7:54  Immortal  
  67  8:02  Robotics Facility  
  67  8:08  Adept x5  
  77  8:37  Stalker x2  
  77  8:38  Stalker x4  
  77  8:39  Stalker  
  91  9:19  Immortal  
  85  9:25  Stalker, Nexus  
  85  9:26  Stalker x3  
  93  9:37  Pylon  
  93  9:40  Pylon  
  93  9:43  Pylon  
  93  9:46  Assimilator  
  93  9:48  Robotics Bay  
  93  9:52  Assimilator  
  93  9:54  Pylon  
  93  9:55  Immortal  
  93  9:56  Pylon  
  93  9:59  Charge (Chrono Boost)  
  95  10:07  Protoss Ground Armor Level 1 (Chrono Boost)  
  95  10:29  Pylon  
  95  10:33  Pylon  
  99  10:36  Pylon  
  99  10:40  Observer  
  96  10:52  Stalker x4  
  96  10:53  Stalker x2  
  108  11:05  Disruptor  
  108  11:07  Probe  
  108  11:08  Probe  
  113  11:21  Probe  
  113  11:24  Probe  
  114  11:26  Probe  
  114  11:31  Probe  
  110  11:37  Blink (Chrono Boost)  
  100  11:42  Probe  
  101  11:56  Pylon  
  101  12:00  Disruptor x2, Pylon  
  107  12:04  Protoss Ground Armor Level 2  
  107  12:06  Pylon  
  107  12:10  Probe  
  107  12:12  Probe  
  109  12:21  Probe  
  101  12:31  Probe  
  98  12:53  Probe x2  
  98  12:54  Probe  
  101  13:03  Probe  
  102  13:06  Photon Cannon  
  102  13:09  Photon Cannon  
  102  13:11  Photon Cannon  
  102  13:16  Photon Cannon  
  102  13:34  Probe  
  103  13:42  Photon Cannon  
  103  13:45  Photon Cannon  
Tags
 
Add a new tag
Caveats
  • Supply blocks, unpowered buildings, or Contaminate may cause inaccurate times.
  • Supply counts are checked every 10 seconds.